 Dungeon Crawl Stone Soup version 0.25-a0-521-gb5d5f98535 (webtiles) character file.

Game seed: 3709640873268073754, levelgen mode: deterministic

106754 ebobo the Imperceptible (level 15, -5/73 HPs)
             Began as a Spriggan Enchanter on Feb 18, 2020.
             Was the Champion of Ashenzari.
             Slain by a halazid warlock (12 damage)
             ... in the Desolation of Salt.
             The game lasted 02:24:51 (36158 turns).

ebobo the Imperceptible (Spriggan Enchanter)       Turns: 36158, Time: 02:24:51

Health: -5/73      AC:  7    Str:  9    XL:     15   Next: 98%
Magic:  0/36       EV: 33    Int: 29    God:    Ashenzari [******]
Gold:   644        SH: 11    Dex: 16    Spells: 7/29 levels left

rFire    . . .     SeeInvis +   a - +2 dagger (drain)
rCold    . . .     Gourm    .   W - +2 buckler of Dogmatism {Str+5} (curse)
rNeg     . . .     Faith    .   G - +2 robe {MR+} (curse)
rPois    +         Spirit   +   (helmet restricted)
rElec    .         Reflect  .   u - +2 cloak {rPois} (curse)
rCorr    .         Harm     .   (gloves unavailable)
MR       +++..     Clarity  +   (boots unavailable)
Stlth    +++++++++.             m - amulet of guardian spirit (curse)
HPRegen  0.22/turn              c - ring of magical power (curse)
MPRegen  0.25/turn              T - +5 ring of intelligence (curse)

@: shrouded, very quick
A: very small, unfitting armour, see invisible, herbivore, speed 3, slow
metabolism 2
a: Curse Item, Scrying, Transfer Knowledge, Renounce Religion


You were in the Desolation of Salt.
You worshipped Ashenzari.
Ashenzari was exalted by your worship.
You were near starving.

You visited 5 branches of the dungeon, and saw 25 of its levels.
You also visited: Volcano and Desolation.

You collected 2299 gold pieces.
You spent 1655 gold pieces at shops.

Inventory:

Hand Weapons
 a - a +2 dagger of draining (weapon)
 H - a +0 dagger of holy wrath
 U - a +2 dagger of venom
Missiles
 v - 2 atropa-tipped darts (quivered)
 y - 3 throwing nets
 D - 8 curare-tipped darts
 V - 5 boomerangs of dispersal
Armour
 u - a cursed +2 cloak of poison resistance (worn)
 G - a cursed +2 robe of magic resistance (worn)
 W - the cursed +2 buckler of Dogmatism (worn) {Str+5}
   (You acquired it on level 2 of the Orcish Mines)

   It affects your strength (+5).
   It has a curse placed upon it.
Jewellery
 c - a cursed ring of magical power (left hand)
 l - a +4 ring of intelligence
 m - a cursed amulet of guardian spirit (around neck)
 T - a cursed +5 ring of intelligence (right hand)
 Z - an uncursed ring of resist corrosion
Wands
 f - a wand of disintegration (38)
 n - a wand of polymorph (5)
 E - a wand of iceblast (15)
 K - a wand of scattershot (7)
 M - a wand of digging (1)
 S - a wand of paralysis (17)
 X - a wand of flame (45)
 Y - a wand of acid (7)
Scrolls
 b - 4 scrolls of remove curse
 k - 5 scrolls of magic mapping
 q - a scroll of amnesia
 t - a scroll of torment
 x - 10 scrolls of enchant weapon
 B - 4 scrolls of fog
 F - 7 scrolls of teleportation
 L - 5 scrolls of identify
Potions
 e - 9 potions of curing
 g - 7 potions of might
 h - 10 potions of haste
 i - 5 potions of heal wounds
 j - 6 potions of brilliance
 o - 8 potions of stabbing
 p - 3 potions of berserk rage
 s - 4 potions of lignification
 w - 4 potions of flight
 A - 3 potions of mutation
 I - 2 potions of resistance
 J - a potion of ambrosia
 N - 2 potions of magic
 R - a potion of cancellation
Miscellaneous
 C - a lightning rod (4/4)
 O - a lamp of fire (inert)
Comestibles
 d - 24 rations


   Skills:
 - Level 6.1 Fighting
 - Level 10.0 Short Blades
 - Level 15.1(17.6) Dodging
 - Level 23.7(25.8) Stealth
 - Level 7.0(10.1) Shields
 - Level 7.6 Spellcasting
 - Level 2.0(5.3) Conjurations
 - Level 13.2(17.3) Hexes
 - Level 1.3(4.1) Charms
 + Level 2.2(5.6) Summonings
 - Level 5.7(10.2) Translocations
 - Level 0.2(1.2) Ice Magic
 - Level 2.5(6.1) Air Magic
 - Level 2.7(6.4) Poison Magic
 - Level 5.6(10.1) Evocations


You had 7 spell levels left.
You knew the following spells:

 Your Spells              Type           Power        Failure   Level  Hunger
a - Corona                Hex            #######      0%          1    None
b - Ensorcelled Hibernat  Hex/Ice        ######       1%          2    None
c - Confusing Touch       Hex            #######.     0%          3    None
d - Dazzling Flash        Conj/Hex       ######       1%          3    None
e - Tukima's Dance        Hex            #######.     0%          3    None
f - Shroud of Golubria    Chrm/Tloc      ######       1%          2    None
g - Summon Mana Viper     Hex/Summ       ######..     1%          5    ####...
h - Mephitic Cloud        Conj/Pois/Air  #####...     1%          3    None

Your spell library contained the following spells:

 Spells                   Type           Power        Failure   Level  Hunger
 Slow                     Hex            #######.     0%          2    None
 Infusion                 Chrm           ####         1%          1    None
 Magic Dart               Conj           ####         1%          1    None
 Sting                    Tmut/Pois      ####         1%          1    None
 Blink                    Tloc           N/A          1%          2    None
 Call Imp                 Summ           #####...     1%          2    None
 Poisonous Vapours        Pois/Air       #####.       1%          2    None
 Song of Slaying          Chrm           #####...     1%          2    None
 Recall                   Summ/Tloc      N/A          1%          3    None
 Spectral Weapon          Hex/Chrm       ######..     1%          3    None
 Animate Skeleton         Necr           N/A          3%          1    None
 Beastly Appendage        Tmut           ###...       3%          1    None
 Pain                     Necr           ###.         3%          1    None
 Spider Form              Tmut/Pois      ####......   3%          3    None
 Olgreb's Toxic Radiance  Pois           #####...     3%          4    ##.....
 Conjure Flame            Conj/Fire      ####....     4%          3    None
 Ignite Poison            Fire/Tmut/Pois ####....     4%          3    None
 Ozocubu's Armour         Chrm/Ice       ####....     4%          3    None
 Summon Forest            Summ/Tloc      ######....   4%          5    ####...
 Sticks to Snakes         Tmut           ###.....     5%          2    None
 Vampiric Draining        Necr           ###.......   11%         3    None
 Aura of Abjuration       Summ           #####.....   13%         5    ####...
 Summon Demon             Summ           #####.....   13%         5    ####...
 Ice Form                 Ice/Tmut       ###.....     32%         4    ##.....
 Animate Dead             Necr           N/A          34%         4    ##.....
 Shadow Creatures         Summ           N/A          56%         6    ######.
 Agony                    Necr           ###.....     69%         5    ####...
 Blade Hands              Tmut           ###.......   69%         5    ####...


Dungeon Overview and Level Annotations

Branches:
Dungeon (15/15)            Temple (1/1) D:4            Lair (6/6) D:8
 Shoals (0/4) Lair:2       Spider (0/4) Lair:3        Slime (0/5) Lair:6
    Orc (2/2) D:10            Elf (1/3) Orc:2        Vaults (0/5) D:14
 Depths (0/5) D:15        Volcano (visited)         Desolation (1/1)

Altars:
Ashenzari
Cheibriados
Dithmenos
Elyvilon
Fedhas
Gozag
Hepliaklqana
Kikubaaqudgha
Makhleb
Nemelex Xobeh
Okawaru
Qazlal
Ru
Sif Muna
Trog
Uskayaw
Vehumet
Wu Jian
Xom
Yredelemnul
Zin
The Shining One
Beogh

Shops:
D:9 *   D:11 [   Orc:1 %   Orc:2 ****


Innate Abilities, Weirdness & Mutations

You are very small and have problems with some larger weapons.
You are too small for most types of armour.
You have supernaturally acute eyesight. (SInv)
You are a herbivore.
You cover ground extremely quickly.
You need to consume almost no food.


Message History

Something hits your mana viper!
Your magical contamination has completely faded away.
You are near starving!
You catch the helpless halazid warlock completely off-guard!
You spit the halazid warlock like a pig!!!
The halazid warlock is almost destroyed.
Your shroud bends the halazid warlock's attack away!
You hit the halazid warlock but do no damage.
The halazid warlock is almost destroyed.
You hit the halazid warlock but do no damage.
The halazid warlock is almost destroyed.
You block the halazid warlock's attack.
Evoke which item? (* to show all) (? for menu, Esc to quit)
Aiming: Disintegrate
Press: ? - help, Shift-Dir - straight line, f - halazid warlock
Aim: a halazid warlock (salt, almost destroyed, chance to defeat MR: 31%)
The halazid warlock easily resists.
The halazid warlock touches you!!
* * * LOW HITPOINT WARNING * * *
You writhe in agony!
You die...

####..{.{........,, ,
, .........
####....p...#..§§ ,**
.........
####....p......§§ ,,,
,,.........
####............ ,
,.........
####.....§.....,,, , ,
.........
####....§§§.{..§ ,, ,
,...#.....
####....§.§§§§§§§§§§ ,
,, ,,
####.....§§§§§§§§§§§,,
, ####..#..§§§§§§§@L§§
,,,, ,, ,,,
####.....§§§§§§§§§§§,
, ,,, , , ,
####....§§§.§§§§§§§§,
,, ,,
####....§§§§.,§§§. ,
,, , , , ,###....,,,..
, ., , , , ##....,,..§
,, .. , , , , , ,
#..,, ..§,, ,,..,, , ,
,,,,, ,, , ... , ,...{
, ,, , ,,, ,,,, , , ,
,, ,,


You could see a halazid warlock.

Vanquished Creatures
  Frances (D:13)
  A deep elf sorcerer (Elf:1)
  A deep elf demonologist (Elf:1)
  Snorg (D:11)
  A deep elf death mage (Elf:1)
  3 fire dragons
  A yaktaur captain (D:15)
  Erolcha (D:11)
  A servant of whispers (Desolation)
  8 hydras
  Harold (D:8)
  2 peacekeepers (Desolation)
  3 centaur warriors
  4 dancing weapons
  8 two-headed ogres
  5 death yaks (Lair:6)
  Urug (D:11)
  2 deep elf knights (Elf:1)
  Nergalle (D:12)
  A skeletal warrior (D:14)
  An unseen horror (D:11)
  A deep elf archer (Elf:1)
  2 lindwurms
  An ironbrand convoker (Desolation)
  2 orc knights (Orc:1)
  3 deep elf magi
  A necromancer (Lair:3)
  12 ugly things
  An orc sorcerer (Orc:1)
  5 cyclopes
  A manticore (shapeshifter) (D:14)
  6 slime creatures
  11 elephants
  A manticore (Lair:5)
  11 black mambas
  Maurice (D:8)
  4 guardian serpents
  2 merfolk sirens (Lair:2)
  2 centaur zombies
  3 molten gargoyles (Lair:6)
  A gargoyle (D:15)
  12 spiny frogs
  3 centaur skeletons
  A yaktaur (D:15)
  8 rime drakes
  A freezing wraith (D:14)
  A kobold demonologist (D:11)
  5 komodo dragons
  2 polar bears (Lair:6)
  A meliai (D:14)
  7 trolls
  A merfolk (Lair:2)
  8 saltlings
  Grinder (D:3)
  A hornet (D:12)
  A harpy skeleton (D:15)
  10 blink frogs
  16 hippogriffs
  A shadow (D:14)
  3 wraiths
  A spriggan (D:8)
  38 yaks
  12 wyverns
  6 basilisks
  6 fire bats (Volcano)
  A fire elemental (Elf:1)
  A hungry ghost (D:11)
  5 steam dragons
  A vampire mosquito (D:14)
  2 wargs
  2 soldier ants (D:14)
  13 water moccasins
  4 hell hounds (Lair:6)
  24 orc warriors
  5 phantoms
  Duvessa (D:4)
  6 porcupines
  2 ice beasts
  3 sky beasts
  3 black bears
  4 ogres
  10 wolves
  A necrophage (D:8)
  17 crocodiles
  17 centaurs
  20 big kobolds (D:11)
  20 bullfrogs
  Dowan (D:4)
  7 scorpions
  22 killer bees
  4 wights (D:6)
  3 howler monkeys
  4 electric eels
  7 crimson imps
  A bullfrog zombie (D:12)
  2 lava snakes (Lair:6)
  8 hounds
  4 jellies
  11 orc priests
  2 bullfrog skeletons
  Crazy Yiuf (D:4)
  20 orc wizards
  Natasha (thrice) (D:3)
  7 iguanas
  4 yak simulacra (Lair:3)
  14 worker ants
  A polar bear simulacrum (Lair:3)
  5 wolf simulacra (Lair:3)
  A hound zombie (D:5)
  2 hound skeletons
  A worker ant zombie (D:8)
  3 gnolls (D:4)
  10 adders
  3 shadow imps
  3 adder skeletons
  An adder zombie (D:5)
  4 worms
  3 dart slugs
  3 leopard geckos
  59 orcs
  A ball python (D:2)
  12 bats
  2 giant cockroaches
  11 goblins
  5 hobgoblins
  20 jackals
  10 kobolds
  4 quokkas
  6 frilled lizards
  3 leopard gecko skeletons
  A quokka skeleton (D:8)
  8 rats
  A river rat simulacrum (Lair:3)
  A fungus (Lair:4)
736 creatures vanquished.

Vanquished Creatures (collateral kills)
  A ragged hierophant (Desolation)
  A servant of whispers (Desolation)
  An ironbrand convoker (Desolation)
  2 orc knights
  A guardian serpent (Desolation)
  16 saltlings (Desolation)
  7 yaks
  12 orc warriors
  A centaur (Orc:2)
  3 howler monkeys (D:13)
  A hound (D:13)
  An orc wizard (Orc:2)
  An orc (Orc:2)
48 creatures vanquished.

Vanquished Creatures (others)
  A dancing weapon (Orc:2)
  A water elemental (Elf:1)
  A fire bat (Volcano)
  A killer bee (D:8)
  2 orcs (Orc:2)
  A kobold (D:1)
  12 fungi
  3 plants
22 creatures vanquished.

Grand Total: 806 creatures vanquished

Notes
Turn   | Place    | Note
-------+----------+-------------------------------------------
     0 | D:1      | ebobo the Spriggan Enchanter began the quest for the Orb.
     0 | D:1      | Reached XP level 1. HP: 9/9 MP: 5/5
   174 | D:1      | Reached skill level 5 in Stealth
   313 | D:1      | Reached XP level 2. HP: 13/13 MP: 6/6
   835 | D:2      | Reached skill level 6 in Stealth
   839 | D:2      | Learned a level 2 spell: Ensorcelled Hibernation
   863 | D:2      | Reached XP level 3. HP: 15/16 MP: 8/8
  1454 | D:2      | Reached skill level 7 in Stealth
  1681 | D:2      | Reached XP level 4. HP: 18/21 MP: 9/9
  2140 | D:3      | Noticed Natasha
  2147 | D:3      | Killed Natasha
  2147 | D:3      | Reached skill level 8 in Stealth
  2301 | D:3      | Noticed Natasha
  2330 | D:3      | Learned a level 3 spell: Confusing Touch
  2348 | D:3      | Killed Natasha
  2348 | D:3      | Reached XP level 5. HP: 24/24 MP: 6/10
  2399 | D:3      | Noticed Grinder
  2566 | D:3      | Paralysed by Grinder for 7 turns
  2787 | D:3      | Reached skill level 9 in Stealth
  2819 | D:3      | Noticed Natasha
  2841 | D:3      | Killed Natasha
  3236 | D:4      | Noticed Duvessa
  3238 | D:4      | Noticed Dowan
  3980 | D:4      | Found a runed translucent door.
  3981 | D:4      | Noticed Crazy Yiuf
  4001 | D:4      | Killed Crazy Yiuf
  4263 | D:4      | Reached skill level 10 in Stealth
  4328 | D:4      | Reached XP level 6. HP: 14/28 MP: 1/11
  4950 | D:5      | Entered Level 5 of the Dungeon
  4969 | D:5      | Found a hazy altar of Hepliaklqana.
  5218 | D:5      | Reached skill level 5 in Hexes
  5308 | D:5      | Found an opulent altar of Gozag.
  5320 | D:5      | Found an ancient bone altar of Kikubaaqudgha.
  5640 | D:5      | Learned a level 3 spell: Dazzling Flash
  5747 | D:4      | Reached XP level 7. HP: 32/32 MP: 9/12
  5804 | D:4      | Killed Dowan
  5857 | D:4      | Killed Duvessa
  6111 | D:4      | Found a staircase to the Ecumenical Temple.
  6138 | Temple   | Entered the Ecumenical Temple
  6217 | Temple   | Became a worshipper of Ashenzari the Shackled
  6657 | D:3      | Killed Grinder
  6657 | D:3      | Reached skill level 5 in Dodging
  6657 | D:3      | Reached XP level 8. HP: 34/36 MP: 7/13
  7494 | D:6      | Reached skill level 11 in Stealth
  7662 | D:6      | Reached skill level 12 in Stealth
  8107 | D:6      | Found a sacrificial altar of Ru.
  8220 | D:6      | Reached XP level 9. HP: 34/39 MP: 14/14
  8398 | D:6      | Reached skill level 13 in Stealth
  8726 | D:7      | Reached skill level 14 in Stealth
  8946 | D:7      | Reached skill level 15 in Stealth
  9065 | D:7      | Found a hide-covered altar of Uskayaw.
  9428 | D:7      | Reached skill level 16 in Stealth
  9471 | D:7      | Reached skill level 17 in Stealth
  9740 | D:8      | Noticed Harold
  9743 | D:8      | Killed Harold
  9743 | D:8      | Reached skill level 5 in Short Blades
  9743 | D:8      | Reached XP level 10. HP: 44/44 MP: 15/15
 10047 | D:8      | Reached * piety under Ashenzari
 10068 | D:8      | Found a staircase to the Lair.
 10091 | D:8      | Noticed Maurice
 10109 | D:8      | Killed Maurice
 10675 | D:8      | Noticed a two-headed ogre
 10689 | D:8      | Killed a two-headed ogre
 11107 | D:9      | Noticed a two-headed ogre
 11114 | D:9      | Killed a two-headed ogre
 11114 | D:9      | Reached skill level 10 in Short Blades
 11139 | D:9      | Found a glowing golden altar of the Shining One.
 11153 | D:9      | Found Uproatet's Assorted Antiques.
 11180 | D:9      | Bought a scroll labeled FUSUTA HAREO for 23 gold pieces
 11180 | D:9      | Bought a potion of heal wounds for 115 gold pieces
 11534 | D:10     | Entered Level 10 of the Dungeon
 11563 | D:10     | Noticed a two-headed ogre
 11571 | D:10     | Killed a two-headed ogre
 11571 | D:10     | Reached XP level 11. HP: 47/47 MP: 16/16
 11724 | D:10     | Reached skill level 18 in Stealth
 11876 | D:10     | Noticed a two-headed ogre
 11894 | D:10     | Killed a two-headed ogre
 12007 | D:10     | Reached skill level 10 in Dodging
 12152 | D:10     | Reached ** piety under Ashenzari
 12365 | D:10     | Found a staircase to the Orcish Mines.
 12377 | D:10     | Found a roughly hewn altar of Beogh.
 12606 | D:9      | Bought a runed dagger for 115 gold pieces
 12636 | D:11     | Noticed a red ugly thing
 12637 | D:11     | Killed a red ugly thing
 12652 | D:11     | Noticed Urug
 12652 | D:11     | Noticed Erolcha
 12654 | D:11     | Killed Erolcha
 12661 | D:11     | Killed Urug
 12661 | D:11     | Reached skill level 10 in Hexes
 12751 | D:11     | Learned a level 3 spell: Tukima's Dance
 13242 | D:11     | Found Ujefuz's Armour Shoppe.
 13545 | D:11     | Found a snail-covered altar of Cheibriados.
 13618 | D:11     | Noticed Snorg
 13632 | D:11     | Killed Snorg
 13632 | D:11     | Reached XP level 12. HP: 25/51 MP: 10/17
 14137 | D:11     | Noticed a two-headed ogre
 14171 | D:11     | Killed a two-headed ogre
 14637 | Orc:1    | Entered Level 1 of the Orcish Mines
 15322 | Orc:1    | Found Liruk's Food Shop.
 15555 | Orc:1    | Reached skill level 5 in Fighting
 15742 | Orc:2    | Entered Level 2 of the Orcish Mines
 16278 | Orc:1    | Reached skill level 1 in Evocations
 17166 | Orc:2    | Reached skill level 5 in Evocations
 17193 | Orc:2    | Found a staircase to the Elven Halls.
 17351 | Orc:2    | Found Ifaxtedd's General Store.
 17351 | Orc:2    | Found Difaf's General Store.
 17353 | Orc:2    | Found Poaffino's Assorted Antiques.
 17355 | Orc:2    | Found Rysewueb's General Store.
 17374 | Orc:2    | Bought a scroll of acquirement for 676 gold pieces
 17374 | Orc:2    | Identified the cursed ring "Caohepa" {Wiz rC+} (You
                  | acquired it on level 2 of the Orcish Mines)
 17374 | Orc:2    | Identified the cursed +2 buckler of Dogmatism {Str+5} (You
                  | acquired it on level 2 of the Orcish Mines)
 18008 | Orc:2    | Reached skill level 1 in Shields
 18585 | Lair:1   | Entered Level 1 of the Lair of Beasts
 18610 | Lair:1   | Noticed a five-headed hydra
 18624 | Lair:1   | Killed a five-headed hydra
 18807 | Lair:1   | Reached *** piety under Ashenzari
 19489 | Lair:2   | Reached XP level 13. HP: 27/64 MP: 2/18
 20322 | Lair:2   | Reached skill level 5 in Shields
 20340 | Lair:2   | Learned a level 2 spell: Shroud of Golubria
 20365 | Lair:2   | Reached skill level 1 in Charms
 20365 | Lair:2   | Reached skill level 1 in Translocations
 20733 | Lair:2   | Found a staircase to the Shoals.
 21553 | Lair:3   | Reached **** piety under Ashenzari
 21554 | Lair:3   | Found a dark tunnel.
 21559 | Volcano  | Entered a volcano
 21708 | Volcano  | Noticed a fire dragon
 21744 | Volcano  | Found a bloodstained altar of Trog.
 21785 | Volcano  | Killed a fire dragon
 22931 | Lair:3   | Found a hole to the Spider Nest.
 23005 | Lair:3   | Reached skill level 5 in Spellcasting
 24180 | Lair:4   | Learned a level 5 spell: Summon Mana Viper
 24937 | Lair:5   | Reached ***** piety under Ashenzari
 25673 | Lair:5   | Reached skill level 19 in Stealth
 25673 | Lair:5   | Reached XP level 14. HP: 50/70 MP: 25/26
 26282 | Lair:5   | Reached skill level 20 in Stealth
 26830 | Lair:6   | Entered Level 6 of the Lair of Beasts
 27141 | Lair:6   | Reached skill level 21 in Stealth
 28032 | Lair:6   | Found a large runed translucent door.
 28032 | Lair:6   | Found a large runed translucent door.
 28085 | Lair:6   | Reached skill level 22 in Stealth
 29247 | Lair:6   | Reached skill level 23 in Stealth
 29359 | Lair:6   | Found a staircase to the Slime Pits.
 29771 | Orc:2    | Bought a potion of heal wounds for 65 gold pieces
 29773 | Orc:2    | Bought a potion of stabbing for 60 gold pieces
 29778 | Orc:2    | Bought a scroll of remove curse for 81 gold pieces
 29780 | Orc:2    | Bought a lamp of fire for 520 gold pieces
 29900 | D:12     | Noticed Nergalle
 29913 | D:12     | Killed Nergalle
 30893 | D:13     | Found a white marble altar of Elyvilon.
 31012 | D:13     | Reached XP level 15. HP: 61/73 MP: 14/27
 31509 | D:13     | Noticed Frances
 31513 | D:13     | Killed Frances
 32619 | D:14     | Found a gate to the Vaults.
 33515 | D:15     | Entered Level 15 of the Dungeon
 33851 | D:15     | Reached ****** piety under Ashenzari
 34006 | D:15     | Found a staircase to the Depths.
 34076 | D:15     | Reached skill level 15 in Dodging
 34194 | D:15     | Learned a level 3 spell: Mephitic Cloud
 34377 | Elf:1    | Entered Level 1 of the Elven Halls
 34404 | Elf:1    | Found a radiant altar of Vehumet.
 34409 | Elf:1    | Reached skill level 1 in Air Magic
 34409 | Elf:1    | Reached skill level 1 in Poison Magic
 34424 | Elf:1    | Noticed a deep elf sorcerer
 34440 | Orc:2    | Reached skill level 1 in Conjurations
 34596 | Elf:1    | Killed a deep elf sorcerer
 34598 | Elf:1    | Killed a ghostly deep elf sorcerer
 34792 | Elf:1    | Found a ruined gateway.
 34798 | Desolati | Entered the Desolation of Salt
 35386 | Desolati | Identified the ring "Onopned" {MR+ Dex+3 SInv}
 35682 | Desolati | Reached skill level 5 in Translocations
 35941 | Desolati | Reached skill level 1 in Summonings
 36048 | Desolati | Identified the amulet "Unemizic" {Acrobat +Blink Dex+4}
 36061 | Desolati | Noticed an imperial myrmidon
 36158 | Desolati | Slain by a halazid warlock

Levels and vault maps discovered:
D:1:      minmay_arrival_up_and_down, layout_loops_ring, lemuel_flame_loot_1
D:2:      layout_loops_ring, first_ration, serial_forest,
          infiniplex_forest_clump_small, infiniplex_forest_clump_diagonal,
          infiniplex_forest_clump_curved, infiniplex_forest_clump_double,
          infiniplex_forest_corner_2, infiniplex_forest_fountain,
          infiniplex_forest_clump_long, minmay_circle_x
D:3:      layout_basic, uniq_grinder, uniq_natasha
D:4:      minmay_clustersquares, layout_cave_pools, minmay_temple_entry_grid,
          patterned_corridor, uniq_duvessa, uniq_crazy_yiuf_cottage
D:5:      layout_loops_ring, grunt_temple_overflow_open, basic_altar
D:6:      layout_basic, kennysheep_mini
D:7:      layout_rooms, lemuel_doored_altar
D:8:      layout_loops_corners, lair_entry_dummy, the_bakery, uniq_maurice,
          uniq_harold
D:9:      layout_loops_ring, serial_shops, nicolae_shop_overgrown_old_shop,
          tso_altar
D:10:     layout_loops_ring, minmay_orc_entry_temple_small
D:11:     layout_roguey [special_room_kobold], basic_altar, serial_shops, shop,
          uniq_urug, uniq_erolcha, uniq_snorg
D:12:     layout_loops_corners, uniq_nergalle
D:13:     layout_stronghold, lemuel_tele_altar, uniq_frances
D:14:     dragon1_lemuel, layout_loops_ring, erik_vaults_1,
          serial_park_tiny_pond, minmay_misc_feat_roman, st_stairs_11,
          minmay_between
D:15:     grunt_enter_depths_snipers, layout_rooms, serial_bayou_shore_b
Temple:   hc_temple_tempest_star
Lair:1:   layout_loops_ring, serial_bayou, serial_bayou_pond_e,
          serial_bayou_shore_b, serial_bayou_shore_a, serial_bayou_pond_e,
          serial_bayou_shore_b, grunt_megastairs_2
Lair:2:   layout_cave_pods, elwin_shoals_entry_rooms,
          chequers_serial_rivers_small_a
Lair:3:   layout_regular_city, nicolae_spider_entry_non_spiders,
          enter_volcano_4, eino_house_with_fridge
Lair:4:   layout_layer_cave, lemuel_fruit_tree, grunt_megastairs_3
Lair:5:   layout_roguey [special_room_mythical_zoo]
Lair:6:   cheibrodos_lair_end_hotspot, layout_cave_pods,
          minmay_slime_entry_pillars
Orc:1:    layout_caves, serial_shops, shop_statue
Orc:2:    st_orc_rangers, layout_caves
Elf:1:    eino_elf_arrival_altar, layout_geoelf_diagonals,
          gammafunk_ghost_arena, portal_desolation_entry_nicolae_nacl,
          kennysheep_underground_church, mumra_transporter_accident
Desolation

Skill      XL: |  1  2  3  4  5  6  7  8  9 10 11 12 13 14 15 |
---------------+----------------------------------------------+-----
Stealth        | 5 6 7 8 10 12 17 18 19 23 | 23.7
Hexes          | 6 7 12 13 | 13.2
Short Blades   | 3 5 10 | 10.0
Dodging        | 5 8 10 15 | 15.1
Fighting       | 5 6 |  6.1
Evocations     | 5 |  5.6
Shields        | 4 7 |  7.0
Charms         | 1 |  1.3
Translocations | 1 5 |  5.7
Spellcasting   | 7 |  7.6
Air Magic      | 2 |  2.5
Poison Magic   | 2 |  2.7
Conjurations   | 2 |  2.0
Summonings     | 2 |  2.2
Ice Magic      | |  0.2

Action                   |  1- 3 |  4- 6 |  7- 9 | 10-12 | 13-15 || total
-------------------------+-------+-------+-------+-------+-------++-------
Melee: Dagger            |   135 |   323 |   447 |  1413 |  2036 ||  4354
Throw: Dart              |       |     3 |     4 |       |     4 ||    11
 Cast: Ensorcelled Hiber |     7 |    47 |    33 |    96 |   137 ||   320
       Corona            |     4 |     4 |     3 |     2 |       ||    13
       Confusing Touch   |       |     3 |    20 |    27 |    58 ||   108
       Dazzling Flash    |       |       |     1 |     1 |     3 ||     5
       Tukima's Dance    |       |       |       |    17 |       ||    17
       Summon Mana Viper |       |       |       |       |    25 ||    25
       Shroud of Golubri |       |       |       |       |     6 ||     6
Invok: Curse Item        |       |       |       |     3 |     2 ||     5
Evoke: Wand              |       |       |       |     3 |    17 ||    20
       Lamp of fire      |       |       |       |       |     2 ||     2
  Use: Scroll            |       |     5 |    13 |     6 |    14 ||    38
       Potion            |       |       |     1 |     1 |     7 ||     9
 Stab: Sleeping          |    16 |    23 |    26 |    79 |   167 ||   311
       Distracted        |       |     3 |     1 |     7 |    18 ||    29
       Confused          |       |     1 |    24 |    26 |    69 ||   120
       Invisible         |       |       |     2 |     1 |     2 ||     5
       Paralysed         |       |       |       |       |     1 ||     1
  Eat: Ration            |       |     3 |     4 |    10 |    12 ||    29
Armor: Robe              |    18 |    48 |    31 |    82 |    78 ||   257
Dodge: Dodged            |   117 |   302 |   338 |   902 |   824 ||  2483
Block: Buckler           |       |       |       |       |   493 ||   493

Table legend:
 A = Non-vault XP
 B = Vault XP
 C = Vault XP percentage of total XP
 D = Non-vault monster count
 E = Vault monster count
 F = Vault count percentage of total count
                 A         B        C        D         E       F
            +---------+---------+-------+---------+---------+-------
      Total |   89608 |   62898 |  41.2 |     537 |     249 |  31.7
            +---------+---------+-------+---------+---------+-------
        D:1 |      21 |       0 |   0.0 |      10 |       0 |   0.0
        D:2 |      78 |      13 |  14.3 |      30 |       8 |  21.1
        D:3 |     185 |     312 |  62.8 |      24 |       2 |   7.7
        D:4 |     517 |     657 |  56.0 |      17 |      12 |  41.4
        D:5 |     292 |       0 |   0.0 |      11 |       0 |   0.0
        D:6 |     778 |       0 |   0.0 |      24 |       0 |   0.0
        D:7 |    2664 |       0 |   0.0 |      32 |       0 |   0.0
        D:8 |    1939 |    1641 |  45.8 |      20 |       3 |  13.0
        D:9 |    1429 |       0 |   0.0 |       8 |       0 |   0.0
       D:10 |    4543 |     139 |   3.0 |      42 |       9 |  17.6
       D:11 |    5743 |    5341 |  48.2 |      40 |      28 |  41.2
       D:12 |    3707 |     792 |  17.6 |      22 |       1 |   4.3
       D:13 |    5407 |    3117 |  36.6 |      18 |       2 |  10.0
       D:14 |    9247 |    4268 |  31.6 |      26 |       9 |  25.7
       D:15 |    6833 |    2376 |  25.8 |      18 |       3 |  14.3
     Lair:1 |    2922 |     529 |  15.3 |      12 |       2 |  14.3
     Lair:2 |    8507 |    1171 |  12.1 |      29 |       3 |   9.4
     Lair:3 |    1986 |    1290 |  39.4 |      10 |      20 |  66.7
     Lair:4 |    7269 |     255 |   3.4 |      32 |       1 |   3.0
     Lair:5 |    6158 |    7400 |  54.6 |      22 |      25 |  53.2
     Lair:6 |   11638 |    9581 |  45.2 |      38 |      29 |  43.3
      Orc:1 |    3570 |     821 |  18.7 |      36 |       6 |  14.3
      Orc:2 |     756 |    3565 |  82.5 |      12 |      33 |  73.3
      Elf:1 |    3419 |    6001 |  63.7 |       4 |       8 |  66.7
    Volcano |       0 |    3403 | 100.0 |       0 |      11 | 100.0
 Desolation |       0 |   10226 | 100.0 |       0 |      34 | 100.0
            +---------+---------+-------+---------+---------+-------
